AoeStats
← 唯今之计

Nomad

508650255Analyzed
4v4 RM · 7d ago on Sep 23, 2026· 32m 21s· 8 players
Game mode
Random Map
Map size
231×231
Population
200
Speed
Normal
Resources
Standard
Victory
Conquest
Starting age
Dark Age
Ending age
Imperial Age
RankedLock teamsTeams togetherTeam positionsShared explorationLock speedFull tech treeHidden civsTurbo modeCheats
Victory
Defeat
🇹🇼 Danes · Taiwan
1209
+12
🇹🇼 Varangians · Taiwan
1197
+13
🇹🇼 Italians · Taiwan
1187
+13
🇨🇭 Spanish · Switzerland
1180
+14
🇨🇳 Byzantines · China
1239
-17
🇨🇳 Vikings · China
1208
-16
1132
-13
🇨🇳 Huns · China
933
-6
taerue
5:14 Loom
13:29 Feudal Age
15:21 Double-Bit Axe
21:29 Castle Age
19:55 Padded Archer Armor
24:32 Leather Archer Armor
27:08 Bloodlines
32:01 Husbandry
plesae963
4:41 Loom
14:46 Feudal Age
15:26 Fishing Lines
17:27 Double-Bit Axe
21:13 Castle Age
23:10 Wheelbarrow
22:35 Gillnets
23:43 Fletching
24:29 Thumb Ring
24:51 Bow Saw
26:15 Gold Mining
31:02 Imperial Age
29:05 Bodkin Arrow
30:37 Gold Shaft Mining
31:21 Elite Longship
32:30 Bracer
33:06 Conscription
傳奇商店
4:12 Loom
17:18 Feudal Age
22:30 Castle Age
20:57 Double-Bit Axe
20:55 Horse Collar
21:16 Gold Mining
22:01 Fishing Lines
23:51 Fletching
24:01 Padded Archer Armor
27:30 Imperial Age
25:15 Stone Mining
26:32 Bow Saw
26:46 Leather Archer Armor
30:35 Bodkin Arrow
32:05 Bracer
32:17 Thumb Ring
32:24 Heavy Plow
口愛的來福
3:52 Loom
14:49 Feudal Age
15:19 Double-Bit Axe
20:23 Castle Age
19:01 Man-at-Arms
23:41 Arson
25:50 Forging
25:40 Scale Mail Armor
27:34 Gold Mining
27:53 Squires
29:07 Horse Collar
唯今之计
6:09 Loom
16:06 Feudal Age
21:04 Castle Age
19:03 Fletching
22:25 Coinage
22:21 Double-Bit Axe
22:17 Horse Collar
23:40 Bodkin Arrow
kiyohime
3:27 Loom
18:45 Feudal Age
20:06 Wheelbarrow
19:33 Horse Collar
19:43 Double-Bit Axe
25:41 Castle Age
24:38 Fishing Lines
28:33 Castle Age
31:17 Bow Saw
31:04 Gold Mining
31:05 Stone Mining
31:18 Heavy Plow
温州谷志豪
12:20 Feudal Age
13:01 Double-Bit Axe
20:26 Castle Age
18:47 Stone Mining
19:16 Horse Collar
22:12 Bow Saw
24:55 Bloodlines
24:45 Husbandry
27:11 Wheelbarrow
26:36 Gold Mining
27:19 Loom
28:34 Gold Shaft Mining
29:06 Hand Cart
31:10 Forging
唐尚书右丞王维
3:41 Loom
14:10 Feudal Age
18:56 Castle Age
18:07 Scale Barding Armor
19:18 Bloodlines
19:05 Gold Mining
19:00 Double-Bit Axe
20:43 Forging
24:21 Husbandry
Connection lost

Rejoining the realm…

Still unreachable

The connection could not be restored.

Session expired

The server has moved on; the page needs a fresh start.